 Dungeon Sprint DCSS version 0.21-a0-227-g58a7c62 (webtiles) character file.

167 Kidiri the Thaumaturge (level 5, 0/28 HPs)
             Began as a Deep Elf Fire Elementalist on Aug 30, 2017.
             Was an Initiate of Vehumet.
             Killed from afar by a deep elf mage (17 damage)
             ... with a shard of ice
             ... in the Dungeon (Sprint III: "The Ten Rune Challenge").
             The game lasted 00:03:44 (555 turns).

Kidiri the Thaumaturge (Deep Elf Fire Elementalist)  Turns: 555, Time: 00:03:45

Health: 0/28       AC:  2    Str:  5    XL:     5   Next: 23%
Magic:  15/19      EV: 13    Int: 21    God:    Vehumet [......]
Gold:   33         SH:  0    Dex: 15    Spells: 6/24 levels left

rFire    . . .     SeeInvis .   m - +0 dagger
rCold    + . .     Gourm    .   (no shield)
rNeg     . . .     Faith    .   a - +0 robe
rPois    .         Spirit   .   (no helmet)
rElec    .         Reflect  .   (no cloak)
rCorr    .         Harm     .   (no gloves)
MR       .....     NoTele   +   (no boots)
Stlth    ++........             (no amulet)
HPRegen  0.09/turn              (no ring)
MPRegen  0.16/turn              (no ring)

@: no status effects
A: cold resistance 1, evolution 1, subdued magic 1
a: Renounce Religion


You were in the Dungeon.
You worshipped Vehumet.
Vehumet was noncommittal.
You were not hungry.

You visited 1 branch You collected 33 gold pieces.

Inventory:

Hand Weapons
 m - a +0 dagger (weapon)
Armour
 a - a +0 robe (worn)
Scrolls
 i - a scroll of blinking
 l - a scroll of immolation
 n - 2 scrolls of remove curse
 q - a scroll of torment
Potions
 d - a potion of curing
 e - a potion of heal wounds
 f - a potion of haste
 g - 2 potions of magic
 h - a potion of berserk rage
 k - a potion of mutation
 p - a potion of flight
 s - a potion of agility
Comestibles
 c - 2 bread rations
 o - a royal jelly
 r - a fruit


   Skills:
 + Level 0.0 Fighting
 + Level 0.0 Short Blades
 + Level 0.0 Armour
 + Level 2.4 Dodging
 - Level 2.4 Stealth
 * Level 10.3 Spellcasting
 + Level 5.7 Conjurations
 + Level 6.6 Fire Magic


You had 6 spell levels left.
You knew the following spells:

 Your Spells              Type           Power        Failure   Level  Hunger
a - Flame Tongue          Conj/Fire      ####.        1%          1    None
b - Throw Flame           Conj/Fire      ####..       1%          2    None
c - Conjure Flame         Conj/Fire      ####....     1%          3    None
d - Inner Flame           Hex/Fire       ###.....     3%          3    None
e - Sticky Flame          Conj/Fire      ####....     3%          4    ##.....
f - Fireball              Conj/Fire      ####......   11%         5    ####...


Dungeon Overview and Level Annotations

Branches:
Dungeon (1/1)

Altars:
Elyvilon
Kikubaaqudgha
Sif Muna
Vehumet
Zin
The Shining One


Innate Abilities, Weirdness & Mutations

Your flesh is cold resistant. (rC+)
You evolve.
Your spells are a little easier to cast, but a little less powerful.


Message History

You puncture the deep elf mage!
The deep elf mage is lightly wounded.
The deep elf mage hits you with a long sword of holy wrath!
Unknown command.
Casting: Flame Tongue
Confirm with . or Enter, or press ? or * to list all spells.
Aiming: Sticky Flame
Press: ? - help, Shift-Dir - straight line, f - deep elf mage
Aim: a deep elf mage, wielding a long sword of holy wrath (lightly wounded)
The sticky flame hits the deep elf mage.
The deep elf mage is moderately wounded.
The deep elf mage is covered in liquid flames!
The deep elf mage burns!
The deep elf mage completely misses you.
Unknown command.
The deep elf mage burns!
The deep elf mage gestures at you while chanting.
The shard of ice hits you! You partially resist.
Ouch! That really hurt!
You die...

▓▓▓▓ ▓▓▓ ...####
##.#####
......#####..#___#
.......#..#..#e..#
#.##..)#..#..###@#+###+
#.###..##+#..#..........
##.##..###...'.⌠........
..##..####...#...######+
..##..###....#.⌠.#
.##...##.....#...#
##....#......#+###
##..##.#.....#..[#
#..#####....#___#


You could see a deep elf mage (burning).

Vanquished Creatures
  A water elemental (D)
  A wizard (D)
  Jessica (D)
  A human (D)
  A kobold demonologist (D)
  2 oozes (D)
  A phantom (D)
  A rat (D)
9 creatures vanquished.

Vanquished Creatures (others)
  2 draconian scorchers (D)
  A hydra (D)
  6 hellions (D)
  A yaktaur (D)
  2 plants (D)
12 creatures vanquished.

Grand Total: 21 creatures vanquished

Notes
Turn   | Place    | Note
-------+----------+-------------------------------------------
     0 | D        | Kidiri the Deep Elf Fire Elementalist began the quest for the Orb.
     0 | D        | Reached XP level 1. HP: 10/10 MP: 6/6
    10 | D        | Reached skill level 4 in Spellcasting
    60 | D        | Reached XP level 2. HP: 15/15 MP: 5/9
    64 | D        | Learned a level 2 spell: Throw Flame
    87 | D        | Killed a hellion
   109 | D        | Noticed Jessica
   113 | D        | Killed Jessica
   113 | D        | Reached skill level 6 in Spellcasting
   113 | D        | Reached XP level 3. HP: 19/19 MP: 9/13
   118 | D        | Learned a level 3 spell: Conjure Flame
   122 | D        | Learned a level 3 spell: Inner Flame
   140 | D        | Killed a white draconian scorcher
   154 | D        | Killed a hellion
   167 | D        | Killed a hellion
   168 | D        | Killed a white draconian scorcher
   175 | D        | Killed an eight-headed hydra
   212 | D        | Killed a hellion
   214 | D        | Killed a hellion
   267 | D        | Killed a hellion
   326 | D        | Reached skill level 7 in Spellcasting
   326 | D        | Reached skill level 5 in Fire Magic
   343 | D        | Gained mutation: You have a somewhat thin skeletal structure. (Dex +2, Stealth) [potion of mutation]
   343 | D        | Gained mutation: You are robust. (+10% HP) [potion of mutation]
   429 | D        | Lost mutation: You have a somewhat thin skeletal structure. (Dex +2, Stealth) [potion of mutation]
   429 | D        | Lost mutation: You are robust. (+10% HP) [potion of mutation]
   429 | D        | Gained mutation: Your spells are a little easier to cast, but a little less powerful. [potion of mutation]
   429 | D        | Gained mutation: Your flesh is cold resistant. (rC+) [potion of mutation]
   429 | D        | Gained mutation: You are dopey. (Int -2) [potion of mutation]
   429 | D        | Gained mutation: You are agile. (Dex +2) [potion of mutation]
   430 | D        | Lost mutation: You are agile. (Dex +2) [potion of mutation]
   430 | D        | Lost mutation: You are dopey. (Int -2) [potion of mutation]
   430 | D        | Gained mutation: You evolve. [potion of mutation]
   430 | D        | Gained mutation: You are weak. (Str -2) [potion of mutation]
   430 | D        | Lost mutation: You are weak. (Str -2) [potion of mutation]
   433 | D        | Noticed a water elemental
   435 | D        | Killed a water elemental
   435 | D        | Reached skill level 9 in Spellcasting
   435 | D        | Reached skill level 5 in Conjurations
   435 | D        | Reached XP level 4. HP: 24/24 MP: 10/17
   441 | D        | Learned a level 4 spell: Sticky Flame
   474 | D        | Killed a yaktaur
   479 | D        | Found a radiant altar of Vehumet.
   480 | D        | Found a deep blue altar of Sif Muna.
   480 | D        | Found an ancient bone altar of Kikubaaqudgha.
   480 | D        | Noticed a wizard
   481 | D        | Killed a wizard
   481 | D        | Reached skill level 10 in Spellcasting
   481 | D        | Reached XP level 5. HP: 28/28 MP: 13/19
   484 | D        | Noticed a red devil
   493 | D        | Learned a level 5 spell: Fireball
   497 | D        | Became a worshipper of Vehumet
   550 | D        | Found a glowing silver altar of Zin.
   551 | D        | Found a glowing golden altar of the Shining One.
   551 | D        | Found a white marble altar of Elyvilon.
   551 | D        | Noticed a deep elf mage
   555 | D        | Killed from afar by a deep elf mage

Vault maps used:
D:        dungeon_sprint_mu

Skill      XL: |  1  2  3  4 |
---------------+-------------+-----
Spellcasting   | 4 6 9 10 | 10.3
Conjurations   | 2 3 5 |  5.7
Fire Magic     | 4 6 |  6.6
Dodging        | |  2.4
Stealth        | |  2.4

Action                   |  1- 3 |  4- 6 || total
-------------------------+-------+-------++-------
Melee: Dagger            |       |     1 ||     1
 Cast: Flame Tongue      |    23 |     1 ||    24
       Throw Flame       |     2 |       ||     2
       Conjure Flame     |     1 |       ||     1
       Sticky Flame      |       |     3 ||     3
  Use: Scroll            |     4 |       ||     4
       Potion            |     3 |       ||     3
 Stab: Sleeping          |       |     1 ||     1
Dodge: Dodged            |     3 |     2 ||     5

Table legend:
 A = Spawn XP
 B = Non-spawn XP
 C = Spawn XP percentage of total XP
 D = Spawn monster count
 E = Non-spawn monster count
 F = Spawn count percentage of total count
 G = Total turns spent on level
                    A         B        C        D         E        F      G
               +---------+---------+-------+---------+---------+-------+---------
         Total |       0 |     239 |   0.0 |       0 |       9 |   0.0 |   555
               +---------+---------+-------+---------+---------+-------+---------
             D |       0 |     239 |   0.0 |       0 |       9 |   0.0 |   555
               +---------+---------+-------+---------+---------+-------+---------
